Map: Ley Lines

Players

鯖鯖

  • Race: Zerg Zerg
  • League: Grandmaster
  • Spawn Location: 7:00

电脑难度(新手) - Winner!

  • Race: Zerg Zerg
  • Spawn Location: 1:00

VOD

Have the link to the VOD?

Description

Time

  • Played on: June 23, 2025, 4:14 a.m.
  • Length: 7:27
Show
View Real Time Build Order
Export as new Build Order

鯖鯖 Zerg 

Build Orders: Hatch First 

Get SALT Encoding   

  12  0:03  Drone  
  13  0:08  Drone  
  14  0:17  Drone, Extractor  
  15  0:21  Overlord  
  15  0:41  Drone  
  16  0:47  Hatchery  
  15  0:50  Drone  
  15  0:53  Drone  
  17  0:57  Drone  
  18  1:09  Extractor  
  17  1:12  Spawning Pool  
  17  1:15  Drone  
  17  1:20  Drone  
  18  1:29  Drone  
  19  1:41  Drone  
  20  1:52  Drone  
  21  1:59  Queen x2  
  21  2:00  Zergling x2  
  26  2:01  Overlord  
  26  2:09  Drone  
  26  2:11  Metabolic Boost  
  27  2:18  Drone  
  28  2:23  Drone  
  28  2:28  Drone  
  30  2:34  Hatchery  
  29  2:37  Drone x2  
  29  2:41  Zergling x2  
  32  2:46  Overlord  
  32  2:53  Queen  
  32  2:54  Drone  
  35  2:59  Drone  
  35  3:02  Overlord  
  36  3:08  Drone x3  
  36  3:09  Drone  
  36  3:12  Drone  
  41  3:13  Drone  
  41  3:19  Queen  
  44  3:22  Drone  
  44  3:24  Drone  
  46  3:27  Spore Crawler  
  46  3:29  Drone  
  46  3:34  Queen  
  46  3:39  Spore Crawler, Drone  
  46  3:41  Drone  
  49  3:43  Drone  
  49  3:46  Drone  
  51  3:49  Drone x2  
  51  3:51  Drone x2  
  55  3:58  Overlord  
  55  4:01  Drone  
  56  4:04  Overlord  
  56  4:05  Overlord  
  56  4:07  Drone x2  
  58  4:16  Lair  
  58  4:17  Overlord, Drone  
  58  4:18  Drone x2  
  58  4:21  Drone x3  
  64  4:26  Roach Warren  
  64  4:27  Drone  
  64  4:28  Drone  
  65  4:33  Extractor  
  65  4:34  Drone x4  
  65  4:37  Overlord  
  68  4:39  Overlord  
  68  4:43  Drone x3  
  68  4:44  Overlord  
  71  4:46  Drone  
  71  4:48  Drone  
  71  4:49  Extractor  
  71  4:50  Evolution Chamber  
  71  4:51  Drone x2  
  73  4:54  Extractor x2  
  73  4:55  Drone x2  
  73  4:57  Extractor  
  72  5:02  Drone  
  72  5:03  Drone  
  72  5:05  Hatchery  
  72  5:06  Overlord  
  73  5:11  Drone x3  
  73  5:14  Drone x3  
  79  5:15  Overlord  
  79  5:18  Zerg Missile Weapons Level 1  
  79  5:20  Glial Reconstitution  
  79  5:21  Drone  
  79  5:23  Drone x2  
  82  5:28  Roach x3  
  88  5:38  Roach  
  88  5:39  Roach x3  
  88  5:41  Overlord  
  96  5:44  Overlord  
  96  5:45  Roach x3  
  96  5:47  Roach  
  104  5:51  Roach x2  
  104  5:56  Roach x3  
  114  6:01  Roach x2  
  118  6:06  Overlord  
  118  6:09  Roach  
  118  6:11  Overlord  
  120  6:12  Roach x2  
  120  6:15  Roach  
  120  6:16  Roach x2  
  130  6:20  Roach x4  
  130  6:23  Pneumatized Carapace  
  138  6:26  Queen  
  138  6:29  Roach x3  
  138  6:30  Overlord  
  138  6:32  Overlord  
  146  6:38  Roach x2  
  146  6:39  Ravager x5  
  155  6:41  Overlord  
  155  6:44  Roach  
  155  6:45  Roach  
  159  6:49  Roach x3  
  159  6:51  Overlord  
  165  6:57  Roach x4  
  165  6:59  Overlord  
  173  7:04  Zergling x12  
  179  7:09  Overlord  
  179  7:10  Ravager x3  
Show
View Real Time Build Order
Export as new Build Order

电脑难度(新手) Zerg - Winner!

Build Orders: Pool First 

Get SALT Encoding   

  12  0:01  Drone  
  13  0:13  Overlord  
  13  0:16  Drone  
  14  0:35  Spawning Pool  
  13  0:37  Extractor  
  13  0:40  Drone  
  13  0:47  Drone  
  14  0:53  Overlord  
  14  1:22  Zergling x2  
  14  1:23  Queen  
  17  1:34  Roach Warren  
  17  1:38  Drone  
  17  1:41  Zergling x2  
  17  1:42  Extractor  
  17  1:46  Drone  
  18  1:59  Zergling x2  
  18  2:00  Drone  
  20  2:10  Drone  
  21  2:21  Drone  
  22  2:30  Drone  
  22  2:32  Overlord  
  23  2:37  Drone  
  24  2:44  Drone  
  25  4:21  Zergling x2  
  25  5:51  Lair, Drone  
  26  5:58  Drone  
  27  6:05  Drone  
  28  6:12  Drone  
  28  6:14  Overlord  
  28  6:16  Zergling x2  
  28  6:20  Drone  
  28  6:39  Zergling x2  
  29  6:48  Overseer x2  
  29  6:53  Spire  
  28  6:55  Drone  
  29  7:02  Zergling x2  
  30  7:17  Hatchery  
Tags
 
Matchup
ZvZ
Race
Zerg
Spawn Locations
Cross Positions
Add a new tag
Caveats
  • Supply blocks, unpowered buildings, or Contaminate may cause inaccurate times.
  • Supply counts are checked every 10 seconds.